 Dungeon Crawl Stone Soup version 0.29-a0-789-g7a8fcbc185 (webtiles) character file.

Game seed: 16117228983430473317

8953 buhh the Fighter (level 11, -6/75 (80) HPs)
             Began as an Octopode Transmuter on July 3, 2022.
             Killed by miscasting Ice Form (10 damage)
             ... on level 10 of the Dungeon.
             The game lasted 00:26:43 (14254 turns).

buhh the Fighter (Octopode Transmuter)             Turns: 14254, Time: 00:26:44

HP:   -6/75 (80)    AC:  1    Str: 17    XL:     11   Next: 38%
MP:   8/14          EV: 16    Int: 25    God:
Gold: 615           SH:  5    Dex: 12    Spells: 4/14 levels left

rFire   . . .      SeeInvis .     - Unarmed
rCold   . . .      Faith    .   (no shield)
rNeg    . . .      Spirit   .   (helmet restricted)
rPois   .          Reflect  +   r - amulet of reflection
rElec   .          Harm     .   x - +6 ring of strength
rCorr   .          Rampage  .   m - +6 ring of intelligence
Will    +....                   a - ring of willpower
Stlth   ++++......              (no ring)
HPRegen 0.22/turn               (no ring)
MPRegen 0.14/turn               (no ring)
                                (no ring)
                                (no ring)

@: very slightly contaminated, drained
A: almost no armour, amphibious, 8 rings, camouflage 1, gelatinous body 1,
(nimble swimmer 1), tentacles
a: no special abilities


You were on level 10 of the Dungeon.
You visited 2 branches of the dungeon, and saw 11 of its levels.
You also visited: Ossuary.

You collected 735 gold pieces.
You spent 120 gold pieces at shops.

Inventory:

Hand Weapons
 b - a +0 arbalest
Missiles
 n - 16 poisoned darts
Jewellery
 a - a ring of willpower (on tentacle)
 m - a +6 ring of intelligence (right tentacle)
 r - an amulet of reflection (around mantle)
 x - a +6 ring of strength (left tentacle)
 A - a ring of ice
Wands
 d - a wand of charming (2)
 j - a wand of polymorph (5)
 u - a wand of flame (5)
 w - a wand of light (12)
 F - a wand of iceblast (3)
Scrolls
 c - 2 scrolls of blinking {!d}
 h - 3 scrolls of poison
 l - a scroll of fear {!r}
 p - 2 scrolls of enchant weapon
 t - 5 scrolls of teleportation {!d}
 v - 3 scrolls of summoning
 y - a scroll of silence {!r}
 P - 2 scrolls of magic mapping {!r!d}
 X - a scroll of amnesia
 Z - 2 scrolls of enchant armour
Potions
 e - 2 potions of invisibility {unknown}
 f - 3 potions of might
 g - a potion of magic {unknown}
 i - 3 potions of brilliance {unknown}
 k - 4 potions of haste {unknown}
 o - 4 potions of heal wounds {unknown}
 q - 2 potions of cancellation {unknown}
 s - 4 potions of berserk rage {unknown}
 z - 10 potions of degeneration
 B - 3 potions of ambrosia {!q!d}
 L - a potion of resistance {!q!d}
 N - 5 potions of curing {!q!d}
 U - 8 potions of mutation {!d}


   Skills:
 * Level 9.5 Fighting
 * Level 9.5 Dodging
 - Level 6.0 Stealth
 * Level 9.4 Unarmed Combat
 - Level 2.0 Spellcasting
 - Level 5.0 Transmutations
 - Level 3.0 Ice Magic
 - Level 2.0 Poison Magic


You had 4 spell levels left.
You knew the following spells:

 Your Spells              Type           Power      Damage    Failure   Level
a - Beastly Appendage     Tmut           54%        N/A       1%          1
b - Wereblood             Tmut           27%        N/A       2%          2
c - Spider Form           Tmut/Pois      20%        N/A       8%          3
d - Ice Form              Ice/Tmut       22%        N/A       22%         4

Your spell library contained the following spells:

 Spells                   Type           Power      Damage    Failure   Level
 Apportation              Tloc           4%         N/A       11%         1
 Necrotize                Necr           8%         1d4       11%         1
 Summon Small Mammal      Summ           8%         N/A       11%         1
 Airstrike                Air            1%         0-2+      73%         4
 Summon Lightning Spire   Summ/Air       2%         N/A       73%         4
 Lightning Bolt           Conj/Air       1%         1d12      97%         5


Dungeon Overview and Level Annotations

Branches:
Dungeon (10/15) Zot: 26113  Temple (1/1) D:7 Zot: 5918     Orc (0/2) D:9
Ossuary (visited)
   Lair: D:8-11

Altars:
Ashenzari
Cheibriados
Dithmenos
Elyvilon
Gozag
Hepliaklqana
Kikubaaqudgha
Makhleb
Nemelex Xobeh
Okawaru
Qazlal
Ru
Sif Muna
Trog
Uskayaw
Vehumet
Wu Jian
Xom
Yredelemnul
Zin
The Shining One

Shops:
D:4 =*

Annotations:
D:3 Ijyb
D:4 1 runed translucent door, peter4's ghost, novice DsBe
D:5 3 runed translucent doors, 2 transporters, Palms's ghost, novice DEFE
D:6 Edmund
D:10 Fannar


Innate Abilities, Weirdness & Mutations

You cannot wear most types of armour.
You are amphibious.
You can wear up to eight rings at the same time.
Your skin changes colour to match your surroundings (Stealth+).
Your rubbery body absorbs attacks. (AC +1, EV +1)
((You are camouflaged when in or above water. (Stealth+)))
You have tentacles for arms and can constrict up to eight enemies at once.


Message History

Fannar is severely wounded.
Fannar hits you but does no damage.
You hit Fannar but do no damage.
Fannar is severely wounded.
The ice beast barely misses you. You block the ice beast's attack.
Fannar hits you with a +0 quarterstaff of freezing.
You hit Fannar.
Fannar is severely wounded.
You block the ice beast's attack.
The ice beast hits you but does no damage.
You punch Fannar!
Fannar is almost dead.
Fannar casts a spell.
The ice beast hits you.
* * * LOW HITPOINT WARNING * * *
The ice beast freezes you. You resist.
* * * LOW HITPOINT WARNING * * *
The ice beast barely misses you.
You hit Fannar.
Fannar is almost dead.
You block Fannar's attack.
The ice beast hits you but does no damage.
The ice beast barely misses you.
You completely miss Fannar.
Fannar is almost dead.
You warm up again.
Fannar hits you with a +0 quarterstaff of freezing.
* * * LOW HITPOINT WARNING * * *
Fannar freezes you.
* * * LOW HITPOINT WARNING * * *
The ice beast hits you.
* * * LOW HITPOINT WARNING * * *
The ice beast freezes you!
* * * LOW HITPOINT WARNING * * *
The ice beast closely misses you.
Casting: Ice Form (dangerous; 22% risk of failure)
Press: ? - help, Q - select action, (/) - cycle Dir - look around, f - activate You miscast Ice Form.
You are caught in an explosion of ice and frost!
You die...

...# ....
...# .....
#..# ....
#..#
....###..# .
+......
...#....e###
......))Y@.#
######..Y#Y#
.........#.#
#######..#.#
##.#.#
######...#
.........#
#######.##
#..#


You could see Fannar and 3 ice beasts.

Vanquished Creatures
  A boulder beetle (D:10)
  Maggie (D:6)
  3 kobold demonologists (D:9)
  A troll (D:9)
  Sigmund (D:3)
  10 yaks
  2 water moccasins
  An acid dragon (D:10)
  Duvessa (D:4)
  An ice beast (D:8)
  A swamp drake (D:9)
  A sky beast (D:7)
  4 black bears
  3 orc warriors (D:9)
  2 centaurs
  2 kobold brigands
  3 phantoms
  2 gnoll sergeants
  A necrophage (D:8)
  A scorpion (D:6)
  2 bullfrogs
  29 wights
  Dowan (D:4)
  6 killer bees
  A howler monkey (D:7)
  5 hounds
  2 jellies (D:6)
  8 orc priests
  A bouda (D:8)
  3 iguanas
  Natasha (thrice) (D:2)
  13 orc wizards
  Terence (D:2)
  8 mummies (Ossuary)
  2 adders
  20 gnolls
  2 shadow imps (D:7)
  A white imp (D:5)
  2 ufetubi
  A dart slug (D:4)
  4 worms
  55 orcs
  5 endoplasms
  4 giant cockroaches (D:1)
  2 gnoll zombies (Ossuary)
  6 goblins
  9 hobgoblins
  9 jackals
  A quokka (D:2)
  10 ball pythons
  5 bats
  3 frilled lizards
  2 hobgoblin zombies (Ossuary)
  14 kobolds
  2 kobold zombies (Ossuary)
  2 orc zombies (Ossuary)
  7 rats
293 creatures vanquished.

Notes
Turn   | Place    | Note
-------+----------+-------------------------------------------
     0 | D:1      | buhh the Octopode Transmuter began the quest for the Orb.
     0 | D:1      | Reached XP level 1. HP: 13/13 MP: 3/3
   149 | D:1      | Reached XP level 2. HP: 18/18 MP: 3/5
   924 | D:1      | Reached XP level 3. HP: 24/24 MP: 4/6
  1084 | D:1      | Found a faded altar of an unknown god.
  1973 | D:2      | Noticed Natasha
  1982 | D:2      | Killed Natasha
  1983 | D:2      | Reached XP level 4. HP: 9/30 MP: 7/7
  1991 | D:2      | Noticed Natasha
  1995 | D:2      | Killed Natasha
  2384 | D:2      | Noticed Terence
  2427 | D:3      | Found an opulent altar of Gozag.
  2457 | D:3      | Noticed Sigmund
  2484 | D:3      | Reached XP level 5. HP: 36/36 MP: 6/8
  2983 | D:3      | Killed Sigmund
  2984 | D:3      | Reached XP level 6. HP: 44/44 MP: 9/9
  3136 | D:3      | Noticed Ijyb
  3272 | D:2      | Killed Terence
  3356 | D:2      | Noticed Natasha
  3360 | D:2      | Killed Natasha
  3664 | D:4      | Reached XP level 7. HP: 18/50 MP: 8/10
  3866 | D:3      | Learned a level 2 spell: Wereblood
  3870 | D:3      | Learned a level 3 spell: Spider Form
  4060 | D:4      | Noticed Dowan
  4108 | D:4      | Noticed Duvessa
  4930 | D:4      | Found Rihacw's Assorted Antiques.
  4933 | D:4      | Bought a scroll labelled LUCVAH EMALAOPT for 24 gold pieces
  4933 | D:4      | Bought a scroll labelled IMI ZESIYNTU for 24 gold pieces
  4933 | D:4      | Bought a scroll labelled LUCVAH EMALAOPT for 24 gold pieces
  4933 | D:4      | Bought a scroll labelled WUNIWE DUMMAA for 24 gold pieces
  4933 | D:4      | Bought a scroll labelled IMI ZESIYNTU for 24 gold pieces
  5011 | D:4      | Killed Duvessa
  5017 | D:4      | Killed Dowan
  5208 | D:4      | Found Dodaesk's Jewellery Shop.
  5313 | D:4      | Reached XP level 8. HP: 30/57 MP: 11/11
  5486 | D:4      | Found a runed translucent door.
  5491 | D:4      | Noticed peter4's ghost (novice DsBe)
  5539 | D:4      | Found a white marble altar of Elyvilon.
  5683 | D:4      | Learned a level 4 spell: Ice Form
  5842 | D:5      | Entered Level 5 of the Dungeon
  6401 | D:5      | Found a sacrificial altar of Ru.
  6567 | D:5      | Found a burning altar of Makhleb.
  6622 | D:5      | Found a runed translucent gate.
  6622 | D:5      | Found a runed translucent gate.
  6635 | D:5      | Found a runed translucent gate.
  6875 | D:5      | Found a transporter.
  6990 | D:5      | Identified the +4 sling of Vuckimof {flame, Fragile MP+9
                  | Int+3 Dex+2}
  7052 | D:5      | Noticed Palms's ghost (novice DEFE)
  7093 | D:5      | Found a transporter.
  7311 | D:6      | Reached XP level 9. HP: 32/62 MP: 10/12
  7389 | D:6      | Found a sand-covered staircase.
  7530 | Ossuary  | Entered an ossuary
  8124 | D:6      | Noticed Maggie
  8136 | D:6      | Killed Maggie
  8617 | D:6      | Noticed Edmund
  8858 | D:6      | Found a broken altar of Ashenzari.
  9413 | D:7      | Found a staircase to the Ecumenical Temple.
  9432 | Temple   | Entered the Ecumenical Temple
  9551 | D:7      | Found an ancient bone altar of Kikubaaqudgha.
  9590 | D:7      | Found a shimmering blue altar of Sif Muna.
  9779 | D:7      | Found a stormy altar of Qazlal.
 10971 | D:8      | Reached XP level 10. HP: 72/72 MP: 7/13
 11507 | D:8      | Found a shadowy altar of Dithmenos.
 12192 | D:9      | Noticed a kobold demonologist
 12687 | D:9      | Noticed a kobold demonologist
 12694 | D:9      | Noticed a kobold demonologist
 12701 | D:9      | Killed a kobold demonologist
 12706 | D:9      | Killed a kobold demonologist
 12712 | D:9      | Killed a kobold demonologist
 12867 | D:9      | Reached XP level 11. HP: 78/78 MP: 11/14
 13032 | D:9      | Found a staircase to the Orcish Mines.
 13311 | D:9      | Found a snail-covered altar of Cheibriados.
 13354 | D:10     | Entered Level 10 of the Dungeon
 13356 | D:10     | Noticed a boulder beetle
 13357 | D:10     | Found a glowing golden altar of the Shining One.
 13369 | D:10     | Killed a boulder beetle
 13441 | D:10     | Noticed a two-headed ogre
 14231 | D:10     | Noticed Fannar
 14254 | D:10     | Killed by miscasting Ice Form

Illustrated notes

Levels and vault maps discovered:
D:1:      elethiomel_arrival_infinity_welcomes_careful_drivers,
          layout_loops_corners, hellmonk_ecumenical_altar_slurped_away
D:2:      layout_basic, minmay_box_of_dots, uniq_terence, uniq_natasha
D:3:      layout_basic, nicolae_gozag_seed_capital, uniq_sigmund, uniq_ijyb
D:4:      layout_gridville, elyvilon_altar_1, ebering_ghost_sewer_d,
          serial_shops, nicolae_square_shop, nicolae_shop_behind_doors,
          uniq_duvessa
D:5:      gammafunk_cloud_chamber, layout_rooms, makhleb_blood_cavern_becter,
          nicolae_ru_awakened_eye, gammafunk_ghost_icy, st_stairs_6,
          water_maze_lemuel
D:6:      layout_basic, kennysheep_mini, enter_ossuary_5, uniq_edmund,
          uniq_maggie
D:7:      layout_rooms, kennysheep_little_box, grunt_qazlal_clouds,
          nicolae_kikubaaqudgha_miasma_corner, minmay_temple_entry_glassed_door
D:8:      layout_loops_ring, old_standard_altar, minmay_misc_feat_encased
D:9:      layout_rooms, nicolae_overflow_hidden_temple, erik_orc_1
D:10:     layout_basic, marbit_many_paths, lemuel_tele_altar, serial_shops,
          kennysheep_mini_moat, uniq_fannar
Temple:   eino_temple_lava

Skill      XL: |  1  2  3  4  5  6  7  8  9 10 11 |
---------------+----------------------------------+-----
Stealth        | 2 4 6 |  6.0
Fighting       | 2 3 4 5 6 8 9 |  9.5
Unarmed Combat | 4 5 6 7 8 9 |  9.4
Poison Magic   | 2 |  2.0
Dodging        | 3 5 6 8 9 |  9.5
Transmutations | 3 4 5 |  5.0
Ice Magic      | 3 |  3.0
Spellcasting   | |  2.0

Action                   |  1- 3 |  4- 6 |  7- 9 | 10-12 || total
-------------------------+-------+-------+-------+-------++-------
Melee: Unarmed           |    61 |    64 |   293 |   274 ||   692
       Kick              |    15 |     9 |     8 |       ||    32
       Constrict         |    17 |    11 |    13 |     1 ||    42
       Tentacles         |    15 |    10 |    11 |       ||    36
       Punch             |       |     4 |     7 |       ||    11
 Fire: Arbalest          |    15 |    19 |    52 |       ||    86
 Cast: Beastly Appendage |    17 |     7 |    12 |     2 ||    38
       Spider Form       |       |       |    34 |     2 ||    36
       Ice Form          |       |       |     1 |    24 ||    25
       Wereblood         |       |       |     1 |     2 ||     3
Evoke: Wand              |       |       |    18 |     1 ||    19
  Use: Scroll            |     3 |       |    11 |     4 ||    18
       Potion            |       |     2 |     1 |     3 ||     6
 Stab: Sleeping          |     6 |     1 |     6 |     4 ||    17
       Invisible         |       |       |     1 |     1 ||     2
Armor: Skin              |     4 |    39 |    12 |    40 ||    95
Dodge: Dodged            |    37 |    30 |   180 |   103 ||   350
Block: Other             |       |       |    32 |    47 ||    79
       Reflection        |       |       |       |     2 ||     2

Table legend: (Time is in decaauts)
 A = Elapsed time spent in this place.
 B = Non-inter-level travel time spent in this place.
 C = Inter-level travel time spent in this place.
 D = Time resting spent in this place.
 E = Time spent auto-exploring this place.
 F = Levels seen in this place.
 G = Mean time per level.
                   A        B        C        D        E       F      G
               +--------+--------+--------+--------+--------+-----+--------+
         Total |  14222 |  13746 |    476 |   3316 |   8353 |  12 | 1185.2 |
       Dungeon |  13674 |  13202 |    472 |   3257 |   8049 |  10 | 1367.4 |
        Temple |     81 |     77 |      4 |      0 |     68 |   1 |   81.0 |
       Ossuary |    466 |    466 |      0 |     59 |    236 |   1 |  466.0 |
               +--------+--------+--------+--------+--------+-----+--------+

Top non-repeatable levels by time:
     D:3: 1856 daAuts
     D:4: 1684 daAuts
     D:1: 1669 daAuts
     D:9: 1662 daAuts
     D:8: 1336 daAuts
     D:7: 1299 daAuts
     D:6: 1286 daAuts
     D:5: 1181 daAuts
     D:2: 1105 daAuts
    D:10: 591 daAuts
 Ossuary: 466 daAuts
  Temple: 81 daAuts
